 Dungeon Crawl Stone Soup version 0.22-a0-402-ga933591 (webtiles) character file.

3227 Mgcat the Ruffian (level 9, -2/63 HPs)
             Began as a Demigod Transmuter on May 7, 2018.
             Slain by a hornet (4 damage)
             ... on level 8 of the Dungeon.
             The game lasted 00:23:29 (7747 turns).

Mgcat the Ruffian (Demigod Transmuter)              Turns: 7747, Time: 00:23:30

Health: -2/63      AC:  2    Str: 19    XL:     9   Next: 39%
Magic:  17/19      EV: 24    Int: 17    God:
Gold:   66         SH:  0    Dex: 21    Spells: 6/17 levels left

rFire    . . .     SeeInvis .     - Unarmed
rCold    . . .     Gourm    +   (shield currently unavailable)
rNeg     . . .     Faith    .   (armour currently unavailable)
rPois    x         Spirit   .   (helmet currently unavailable)
rElec    .         Reflect  .   (cloak currently unavailable)
rCorr    .         Harm     .   (gloves currently unavailable)
MR       .....                  (boots currently unavailable)
Stlth    ++........             A - amulet of the gourmand {Gourm, !d}
HPRegen  0.20/turn              f - +4 ring of slaying
MPRegen  0.16/turn              (no ring)

@: lethally poisoned (-2 -> -20), spider-form, slowed, very slow
A: tiny, high mp 1
a: End Transformation


You were on level 8 of the Dungeon.
You were not hungry.
You were a venomous arachnid creature.
You visited 1 branch of the dungeon, and saw 8 of its levels.

You collected 221 gold pieces.
You spent 155 gold pieces at shops.

Inventory:

Missiles
 a - 194 arrows
Armour
 h - the +0 robe of Classification (melded) {MR+ Str+6}
   (You found it on level 4 of the Dungeon)

   It affects your strength (+6).
   It affects your resistance to hostile enchantments.
 j - a +1 helmet (melded)
   (You found it on level 2 of the Dungeon)
 l - the +2 chain mail of the Bagpipe {rCorr SInv, unknown}
   (You found it on level 5 of the Dungeon)

   It lets you see invisible.
   It protects you from acid and corrosion.
 r - a +1 pair of boots of running (melded)
   (You found it on level 5 of the Dungeon)
 y - a +1 cloak (melded)
   (You found it on level 6 of the Dungeon)
Jewellery
 f - a +4 ring of slaying (left front leg)
   (You found it on level 4 of the Dungeon)
 A - an amulet of the gourmand (around neck) {Gourm, !d}
   (You bought it in a shop on level 7 of the Dungeon)
Wands
 e - a wand of polymorph (26)
   (You found it on level 5 of the Dungeon)
 k - a wand of clouds (6)
   (You found it on level 4 of the Dungeon)
Scrolls
 b - a scroll of magic mapping {!r}
 m - 2 scrolls of enchant weapon
 o - 3 scrolls of remove curse
 u - 5 scrolls of teleportation
 z - 2 scrolls of identify
Potions
 c - 2 potions of lignification {!q}
 g - 3 potions of mutation {!q}
 i - a potion of haste
 n - 2 potions of berserk rage {!q}
 p - a potion of magic
 q - a potion of might
 s - 2 potions of brilliance
 v - 2 potions of flight
 w - a potion of curing
 x - a potion of resistance {unknown}
 B - a potion of heal wounds {unknown}
Comestibles
 d - 12 rations


   Skills:
 - Level 0.8 Fighting
 + Level 4.9 Dodging
 + Level 7.3 Unarmed Combat
 + Level 4.6 Spellcasting
 + Level 7.0 Transmutations
 + Level 4.1 Poison Magic


You had 6 spell levels left.
You knew the following spells:

 Your Spells              Type           Power        Failure   Level  Hunger
a - Beastly Appendage     Tmut           ####..       4%          1    None
b - Sticks to Snakes      Tmut           ####....     6%          2    ##.....
c - Spider Form           Tmut/Pois      ###.......   13%         3    ###....
d - Blade Hands           Tmut           ####......   43%         5    ######.


Dungeon Overview and Level Annotations

Branches:
Dungeon (8/15)             Temple (0/1) D:7
   Lair: D:8-11

Shops:
D:7 *

Annotations:
D:6 1 runed door


Innate Abilities, Weirdness & Mutations

You have an increased reservoir of magic. (+10% MP)


Message History

The crimson imp is moderately wounded.
The crimson imp completely misses you. The slave closely misses you.
You hit the crimson imp but do no damage.
The crimson imp is moderately wounded.
Pikel says, "Slavery isn't that bad."
The crimson imp hits you. The slave completely misses you.
You hit the crimson imp.
The crimson imp is moderately wounded.
The crimson imp barely misses you.
You miss the crimson imp.
The crimson imp is moderately wounded.
The slave hits you!
You closely miss the crimson imp.
The crimson imp is moderately wounded.
The crimson imp misses you. The slave barely misses you.
Unknown command.
Unknown command.
Unknown command.
You can't do that in your present form.
Your transformation is almost over.
Your Transmutations skill increases to level 7!
Your Poison Magic skill increases to level 4!
You feel a bit more experienced.
With Pikel's spell broken, the former slave thanks you for its freedom.
Your transformation has ended.
Your +1 cloak unmelds from your body.
Your +1 helmet unmelds from your body.
Your +1 pair of boots of running unmelds from your body.
The +0 robe of Classification {MR+ Str+6} unmelds from your body.
Your +4 ring of slaying unmelds from your body.
You feel quick.
Casting: Spider Form (safe; 4% risk of failure)
Confirm with . or Enter, or press ? or * to list all spells.
You turn into a venomous arachnid creature.
Your +1 cloak melds into your body.
Your +1 helmet melds into your body.
Your +1 pair of boots of running melds into your body.
The +0 robe of Classification {MR+ Str+6} melds into your body.
You feel rather sluggish. The crimson imp barely misses you.
The crimson imp closely misses you.
You hit the crimson imp.
The crimson imp is heavily wounded.
The crimson imp closely misses you.
You maul the crimson imp!!
You kill the crimson imp!
Your transformation is almost over.
Your transformation has ended.
Your +1 cloak unmelds from your body.
Your +1 helmet unmelds from your body.
Your +1 pair of boots of running unmelds from your body.
The +0 robe of Classification {MR+ Str+6} unmelds from your body.
You feel quick.
e - a wand of polymorph (26) (gained 11 charges)
Things that are here:
a whip of freezing; a robe; the big kobold corpse of Pikel
z - 2 scrolls of identify (gained 1) HP restored.
Found a stone staircase leading up.
Found a stone staircase leading down.
You pick up a book of Cantrips and begin reading...
You add the spells Confusing Touch, Animate Skeleton and Apportation to your library.
There is a stone staircase leading down here.
You see here 25 sling bullets.
You see here 27 stones.
d - 12 rations (gained 1)
You swap places.
A hornet comes into view.
You see here 19 sling bullets.
A hornet is nearby!
Casting: Spider Form (safe; 4% risk of failure)
Confirm with . or Enter, or press ? or * to list all spells.
You turn into a venomous arachnid creature.
Your +1 cloak melds into your body.
Your +1 helmet melds into your body.
Your +1 pair of boots of running melds into your body.
The +0 robe of Classification {MR+ Str+6} melds into your body.
You feel rather sluggish.
The hornet buzzes angrily.
You hit the hornet.
The hornet is poisoned.
The hornet is lightly wounded.
The hornet closely misses you.
You barely miss the hornet.
The hornet is moderately wounded.
The hornet stings you!
You are poisoned.
You suddenly lose the ability to move!
The hornet barely misses you.
You feel sick. The hornet completely misses you.
You feel sick. The hornet stings you!
You feel yourself slow down. The hornet stings you!
* * * LOW HITPOINT WARNING * * *
You feel as though you will be slow longer.
You can move again.
Unknown command.
Unknown command.
Unknown command.
Unknown command.
Unknown command.
Unknown command.
You feel better. The hornet stings you!
* * * LOW HITPOINT WARNING * * *
You are lethally poisoned!
You feel as though you will be slow longer.
The hornet stings you.
You die...

.....###. ....... ##.
....#. .. ..... #. #..?#
. ..##.##...# #.....(####
.......y..# #.#....#...
#..s.# #........## #..(##
#....>...##
##.#######..........
#......##........##
#######.####.###........#
#........................
#.#####.#....####.##.....
#.#.#.......##.##.#
#.#.#..###.p.......


You could see a hornet.

Vanquished Creatures
  Pikel (D:8)
  Eustachio (D:4)
  A hungry ghost (D:7)
  Duvessa (D:6)
  An orc warrior (D:6)
  A slave (D:8)
  A black bear (D:7)
  A phantom (D:6)
  A necrophage (D:7)
  3 centaurs
  2 ogres
  A crocodile (D:7)
  3 bullfrogs
  Dowan (D:6)
  A wyvern skeleton (D:8)
  4 scorpions
  3 howler monkeys
  4 crimson imps
  A centaur zombie (D:7)
  3 hounds
  An orc priest (D:4)
  A centaur skeleton (D:7)
  4 jellies
  An iguana (D:7)
  2 orc wizards
  9 worker ants
  Robin (D:4)
  9 adders
  2 shadow imps
  A worm (D:3)
  4 dart slugs
  6 leopard geckos
  23 orcs
  9 giant cockroaches
  14 goblins
  12 hobgoblins
  7 jackals
  3 quokkas
  2 ball pythons
  6 bats
  6 frilled lizards
  A jackal skeleton (D:5)
  6 kobolds
  A leopard gecko skeleton (D:6)
  11 rats
177 creatures vanquished.

Vanquished Creatures (others)
  An adder skeleton (D:8)
1 creature vanquished.

Grand Total: 178 creatures vanquished

Notes
Turn   | Place    | Note
-------+----------+-------------------------------------------
     0 | D:1      | Mgcat the Demigod Transmuter began the quest for the Orb.
     0 | D:1      | Reached XP level 1. HP: 15/15 MP: 5/5
    25 | D:1      | Reached skill level 2 in Transmutations
   118 | D:1      | Reached skill level 3 in Unarmed Combat
   180 | D:1      | Reached XP level 2. HP: 20/22 MP: 4/7
   294 | D:1      | Learned a level 2 spell: Sticks to Snakes
  1039 | D:2      | Reached XP level 3. HP: 27/27 MP: 6/8
  1248 | D:2      | Reached skill level 3 in Transmutations
  1455 | D:2      | Reached XP level 4. HP: 25/34 MP: 7/9
  1572 | D:2      | Reached skill level 4 in Unarmed Combat
  2673 | D:3      | Found an iron altar of Okawaru.
  2805 | D:4      | Noticed a centaur
  2811 | D:4      | HP: 7/34 [hound (5)]
  2816 | D:4      | HP: 4/34 [hound (2)]
  2818 | D:3      | Reached XP level 5. HP: 5/39 MP: 7/10
  3075 | D:4      | Noticed an ogre
  3336 | D:3      | Learned a level 3 spell: Spider Form
  3378 | D:3      | Killed an ogre
  3378 | D:3      | Reached skill level 4 in Transmutations
  3378 | D:3      | Reached skill level 1 in Poison Magic
  3384 | D:3      | HP: 9/39 [orc (1)]
  3561 | D:4      | Killed a centaur
  3561 | D:4      | Reached XP level 6. HP: 20/46 MP: 11/11
  3740 | D:4      | Found a sacrificial altar of Ru.
  3839 | D:4      | Noticed Robin
  3853 | D:4      | Killed Robin
  3853 | D:4      | Reached skill level 2 in Poison Magic
  3856 | D:4      | Reached skill level 5 in Unarmed Combat
  3867 | D:4      | Found a sparkling altar of Nemelex Xobeh.
  4186 | D:4      | Found an opulent altar of Gozag.
  4191 | D:4      | Got a twisted robe
  4202 | D:4      | Identified the +0 robe of Classification {MR+ Str+6} (You found it on level 4 of the Dungeon)
  4325 | D:4      | Noticed Eustachio
  4339 | D:4      | Killed Eustachio
  4380 | D:4      | Reached skill level 5 in Transmutations
  4380 | D:4      | Reached XP level 7. HP: 26/51 MP: 8/12
  4727 | D:5      | Entered Level 5 of the Dungeon
  4784 | D:5      | Reached skill level 3 in Poison Magic
  4871 | D:5      | Got a dazzling chain mail
  5021 | D:5      | Reached skill level 2 in Dodging
  5021 | D:5      | Reached skill level 2 in Spellcasting
  5111 | D:5      | Found a snail-covered altar of Cheibriados.
  5127 | D:5      | Identified a +1 pair of boots of running (You found it on level 5 of the Dungeon)
  5739 | D:6      | Reached skill level 6 in Unarmed Combat
  5739 | D:6      | Reached XP level 8. HP: 19/58 MP: 11/15
  6036 | D:6      | Reached skill level 3 in Dodging
  6037 | D:6      | Noticed Duvessa
  6039 | D:6      | Noticed Dowan
  6048 | D:6      | Killed Duvessa
  6048 | D:6      | Reached skill level 3 in Spellcasting
  6052 | D:6      | Killed Dowan
  6185 | D:6      | Reached skill level 6 in Transmutations
  6190 | D:6      | Found a runed door.
  6197 | D:6      | Found a runed door.
  6444 | D:6      | Found a shattered altar of Ashenzari.
  6592 | D:6      | Found a shadowy altar of Dithmenos.
  6595 | D:6      | Found a glowing silver altar of Zin.
  6603 | D:6      | Reached skill level 4 in Dodging
  6890 | D:7      | Learned a level 5 spell: Blade Hands
  7000 | D:7      | Reached skill level 4 in Spellcasting
  7016 | D:7      | Reached XP level 9. HP: 48/61 MP: 14/18
  7113 | D:7      | Found a staircase to the Ecumenical Temple.
  7293 | D:7      | Reached skill level 7 in Unarmed Combat
  7441 | D:7      | Found Oggaut's Assorted Antiques.
  7456 | D:7      | Bought a square platinum amulet for 155 gold pieces
  7572 | D:8      | Noticed Pikel
  7607 | D:8      | Killed Pikel
  7607 | D:8      | Reached skill level 7 in Transmutations
  7607 | D:8      | Reached skill level 4 in Poison Magic
  7744 | D:8      | Paralysed by a hornet for 2 turns
  7746 | D:8      | HP: 15/61 [hornet (13)]
  7747 | D:8      | HP: 2/63 [hornet (17)]
  7747 | D:8      | Slain by a hornet

Vault maps used:
D:1:      dpeg_arrival_arbitrary_c
D:2:      first_ration, minmay_close_crescents
D:3:      kennysheep_okawaru_gauntlet
D:4:      old_standard_altar, lemuel_round_altar, old_standard_altar,
          uniq_eustachio, uniq_robin
D:5:      basic_altar
D:6:      lemuel_insect_pit, lemuel_crystal_altar, grunt_temple_overflow_open,
          uniq_duvessa
D:7:      minmay_temple_entry_junction, serial_shops,
          nicolae_shop_overgrown_old_shop
D:8:      marbit_many_paths, tso_altar, uniq_prince_ribbit1, uniq_psyche,
          uniq_pikel

Skill      XL: |  1  2  3  4  5  6  7  8  9 |
---------------+----------------------------+-----
Transmutations | 2 3 4 5 6 7 |  7.0
Unarmed Combat | 3 4 5 6 7 |  7.3
Poison Magic   | 1 2 3 4 |  4.1
Dodging        | 2 4 |  4.9
Spellcasting   | 2 4 |  4.6
Fighting       | |  0.8

Action                   |  1- 3 |  4- 6 |  7- 9 || total
-------------------------+-------+-------+-------++-------
Melee: Unarmed           |   126 |   137 |   218 ||   481
       Headbutt          |    11 |       |       ||    11
       Punch             |     2 |       |     1 ||     3
       Kick              |    16 |    29 |       ||    45
 Cast: Beastly Appendage |    23 |    19 |       ||    42
       Sticks to Snakes  |       |     1 |     1 ||     2
       Spider Form       |       |     6 |    36 ||    42
  Use: Scroll            |       |    13 |     6 ||    19
       Potion            |       |       |     2 ||     2
 Stab: Sleeping          |     1 |       |     1 ||     2
  Eat: Chunk             |     2 |     7 |    19 ||    28
       Ration            |       |     1 |       ||     1
Armor: Robe              |    27 |    21 |     7 ||    55
       Skin              |       |     4 |    12 ||    16
Dodge: Dodged            |    90 |    95 |   158 ||   343

Table legend:
 A = Spawn XP
 B = Non-spawn XP
 C = Spawn XP percentage of total XP
 D = Spawn monster count
 E = Non-spawn monster count
 F = Spawn count percentage of total count
 G = Total turns spent on level
                    A         B        C        D         E        F      G
               +---------+---------+-------+---------+---------+-------+---------
         Total |       0 |    4610 |   0.0 |       0 |     176 |   0.0 |  7747
               +---------+---------+-------+---------+---------+-------+---------
           D:1 |       0 |      43 |   0.0 |       0 |      24 |   0.0 |   998
           D:2 |       0 |     127 |   0.0 |       0 |      27 |   0.0 |   856
           D:3 |       0 |     219 |   0.0 |       0 |      22 |   0.0 |  1712
           D:4 |       0 |     595 |   0.0 |       0 |      29 |   0.0 |  1179
           D:5 |       0 |     424 |   0.0 |       0 |      12 |   0.0 |  1172
           D:6 |       0 |    1380 |   0.0 |       0 |      35 |   0.0 |   913
           D:7 |       0 |    1055 |   0.0 |       0 |      23 |   0.0 |   656
           D:8 |       0 |     767 |   0.0 |       0 |       4 |   0.0 |   261
               +---------+---------+-------+---------+---------+-------+---------

Vault maps used:
D:1:      dpeg_arrival_arbitrary_c
D:2:      first_ration, minmay_close_crescents
D:3:      kennysheep_okawaru_gauntlet
D:4:      old_standard_altar, lemuel_round_altar, old_standard_altar,
          uniq_eustachio, uniq_robin
D:5:      basic_altar
D:6:      lemuel_insect_pit, lemuel_crystal_altar, grunt_temple_overflow_open,
          uniq_duvessa
D:7:      minmay_temple_entry_junction, serial_shops,
          nicolae_shop_overgrown_old_shop
D:8:      marbit_many_paths, tso_altar, uniq_prince_ribbit1, uniq_psyche,
          uniq_pikel

Table legend:
 A = Turns spent in this place as a percentage of turns spent in the entire game.
 B = Non-inter-level travel turns spent in this place as a percentage of non-inter-level travel turns spent in the entire game.
 C = Inter-level travel turns spent in this place as a percentage of turns spent in this place.
 D = Turns resting spent in this place as a percentage of non-inter-level travel turns spent in this place.
 E = Turns spent auto-exploring this place as a percentage of non-inter-level travel turns spent in this place.
 F = Non-inter-level travel turns spent in this place divided by the number of levels of this place that you've seen.
                   A       B       C       D       E      F
               +-------+-------+-------+-------+-------+----------------------
         Total | 100.0 | 100.0 |   5.0 |   8.6 |  71.6 | 919.8
       Dungeon | 100.0 | 100.0 |   5.0 |   8.6 |  71.6 | 919.8
               +-------+-------+-------+-------+-------+----------------------

Table legend:
 A = Kills in this place as a percentage of kills in entire the game.
 B = Kills by you in this place as a percentage of kills by you in the entire game.
 C = Kills by friends in this place as a percentage of kills by friends in the entire game.
 D = Other kills in this place as a percentage of other kills in the entire game.
 E = Experience gained in this place as a percentage of experience gained in the entire game.
 F = Experience gained in this place divided by the number of levels of this place that you have seen.
                   A       B       C       D       E      F
               +-------+-------+-------+-------+-------+----------------------
         Total | 100.0 | 100.0 |   N/A |   N/A | 100.0 | 576.2
       Dungeon | 100.0 | 100.0 |   N/A |   N/A | 100.0 | 576.2
               +-------+-------+-------+-------+-------+----------------------
